 Dungeon Crawl Stone Soup version 0.15.2 (webtiles) character file.

88907 magipi the Severer (level 15, 0/80 HPs)
             Began as a Vine Stalker Berserker on Sept 15, 2015.
             Was the Champion of Trog.
             Slain by a demonic crawler (7 damage)
             ... summoned by a deep elf summoner
             ... on Level 1 of the Elven Halls.
             The game lasted 02:45:30 (17658 turns).

magipi the Severer (Vine Stalker Berserker)        Turns: 17658, Time: 02:45:30

HP   0/80        AC 22     Str 22      XL: 15   Next: 95%
MP   0/30        EV 12     Int 16      God: Trog [******]
Gold 712         SH  0     Dex 20      Spells:  0 memorised, 14 levels left

rFire  + . .     SeeInvis .     a - +8 battleaxe of the Forgotten Gods {flame, Int+4}
rCold  + + .     Clarity  .     e - +2 scale mail of Midwinter {rC++ Str+2 Dex+2 Int+3}
rNeg   . . .     rCorr    .     (no shield)
rPois  .         rRot     +     E - +2 helmet
rElec  +         Spirit   +     k - +1 cloak
SustAb .         Warding  .     T - +2 pair of gloves
rMut   .         Stasis   .     K - +0 pair of boots
Gourm  .                        (no amulet)
MR     +++..                    f - ring of protection from fire
                                F - ring "Cocs" {+Fly rElec Slay+5}

@: lethally poisoned, regenerating, extremely resistant to hostile enchantments,
extremely unstealthy
A: fangs 3, regeneration 3, magic shield, antimagic bite, no device heal 3, rot
immunity
a: Burn Spellbooks, Berserk, Trog's Hand, Brothers in Arms, Renounce Religion,
Evoke Flight


You were on level 1 of the Elven Halls.
You worshipped Trog.
Trog was exalted by your worship.
You were not hungry.

You visited 4 branches of the dungeon, and saw 28 of its levels.
You also visited: Labyrinth and Volcano.

You collected 3098 gold pieces.
You spent 2386 gold pieces at shops.

Inventory:

Hand weapons
 a - the +8 battleaxe of the Forgotten Gods (weapon) {flame, Int+4}
   (Trog gifted it to you on level 12 of the Dungeon)

   It emits flame when wielded, causing extra injury to most foes and up to
   double damage against particularly susceptible opponents.
   Big, fiery blades are also staple armaments of hydra-hunters.
   It affects your intelligence (+4).
 b - a +5 blowgun
 L - a +1 executioner's axe of freezing
Missiles
 j - 57 poisoned needles
 q - 17 curare-tipped needles
 A - 6 javelins (quivered)
Armour
 e - the +2 scale mail of Midwinter (worn) {rC++ Str+2 Dex+2 Int+3}
   (You found it on level 9 of the Dungeon)

   It affects your strength (+2).
   It affects your intelligence (+3).
   It affects your dexterity (+2).
   It greatly protects you from cold.
 k - a +1 cloak (worn)
 E - a +2 helmet (worn)
 K - a +0 pair of boots (worn)
 T - a +2 pair of gloves (worn)
Magical devices
 m - a wand of polymorph (7)
 y - a wand of cold (8)
 P - a wand of digging (5)
 U - a wand of draining (2)
 W - a wand of digging (7)
 Z - a wand of confusion (5)
Comestibles
 l - 10 meat rations
 G - 3 beef jerkies
 V - 14 bread rations
Scrolls
 g - 2 scrolls of magic mapping
 o - 4 scrolls of fog
 r - 5 scrolls of remove curse
 s - a scroll of fear
 u - 3 scrolls of recharging
 w - 3 scrolls of enchant armour
 z - a scroll of blinking
 C - 2 scrolls of brand weapon
 D - 3 scrolls of enchant weapon
 R - 4 scrolls of teleportation
 Y - 4 scrolls of identify
Jewellery
 c - an uncursed ring of protection from cold
 f - a ring of protection from fire (right hand)
 i - an uncursed ring of see invisible
 n - an uncursed ring of positive energy
 t - a cursed ring of teleportation
 F - the ring "Cocs" (left hand) {+Fly rElec Slay+5}
   (You bought it in a shop on level 4 of the Orcish Mines)

   [ring of flight]

   It affects your accuracy and damage with ranged weapons and melee attacks
   (+5).
   It insulates you from electricity.
   It lets you fly.
Potions
 d - 6 potions of might
 h - a potion of flight
 p - 2 potions of restore abilities
 v - 10 potions of curing
 x - a potion of cancellation
 M - 4 potions of resistance
 N - 3 potions of invisibility
 O - a potion of agility
 X - 3 potions of haste
Books
 I - a book of Spatial Translocations

   Spells                             Type                      Level
   Apportation                        Translocation                1
   Blink                              Translocation                2
   Shroud of Golubria                 Charms/Translocation         2
   Portal Projectile                  Translocation                3
   Teleport Other                     Translocation                3
   Passage of Golubria                Translocation                4
   Trog disapproves of the use of such an item.
Miscellaneous
 B - a lamp of fire
 Q - a phial of floods
Rods
 H - a +8 rod of shadows (10/10)
   (You found it in a labyrinth)
 S - a +5 rod of destruction (14/14)
   (You found it in a labyrinth)


   Skills:
 - Level 10.0 Fighting
 + Level 16.5 Axes
 - Level 11.2 Armour
 + Level 6.2 Dodging
 - Level 11.0 Evocations


You had 14 spell levels left.
You didn't know any spells.

Dungeon Overview and Level Annotations

Branches:
Dungeon (15/15)            Temple (0/1) D:4             Orc (4/4) D:12
    Elf (1/3) Orc:3          Lair (8/8) D:10         Shoals (0/5) Lair:4
  Snake (0/5) Lair:5        Slime (0/6) Lair:6       Vaults (0/5) D:14
 Depths (0/5) D:15

Altars:
Ashenzari
Cheibriados
Dithmenos
Makhleb
Qazlal
Sif Muna
Trog
Xom
Zin
The Shining One
Beogh

Shops:
D:4 *   D:5 :?=   D:6 [   D:13 %   Orc:4 (=*!

Annotations:
D:4 magipi's ghost, average VSBe
D:9 exclusion: ice statue


Innate Abilities, Weirdness & Mutations

You have razor-sharp teeth.
You regenerate.
When hurt, damage is shared between your health and your magic reserves.
Your bite disrupts and absorbs the magic of your enemies.
Potions and wands cannot restore your health.
You are immune to rotting.

Vault maps used:
D:1:      minmay_arrival_diagonal_passages
D:2:      minitemple, minivault_26, nicolae_dithmenos_shadow_blocks,
          uniq_terence, uniq_crazy_yiuf_cottage
D:3:      minivault_26
D:4:      minmay_temple_entry_fiery, serial_shops, shop,
          grunt_ashenzari_visionary
D:5:      gammafunk_temple_overflow_pools, first_bread, serial_shops, shop,
          shop, shop_scrolls, kennysheep_little_box
D:6:      serial_shops, shop, uniq_menkaure, uniq_sigmund, uniq_pikel
D:7:      uniq_eustachio
D:8:      blue_anna_alchemist, small_chamber_with_monster, uniq_duvessa
D:9:      minmay_separated_statues, minivault_7
D:10:     grunt_lair_entry_elf_guard_hut, uniq_grum
D:11:     minivault_1
D:12:     orc_0_dummy, minmay_hedge_maze, minmay_protected_statue
D:13:     serial_shops, shop, lemuel_another_geyser, uniq_erica, uniq_sonja
D:14:     grunt_vaults_entry_fortified, nicolae_tso_swordbearing_angel,
          kennysheep_flooded_box
D:15:     grunt_enter_depths_giant_problem, basic_altar, evilmike_butchery,
          uniq_frances
Orc:1:    basic_altar, mines2_david
Orc:2:    basic_altar, nicolae_volcano_entry_two_sided, uniq_joseph
Orc:3:    nicolae_orc_pool_cavern, lightli_orcish_oven
Orc:4:    st_orc_rangers
Elf:1:    minmay_elf_arrival_plus, uniq_donald
Lair:1:   beast_lair_carwin_10
Lair:2:   lab_entry_generic, worms_lemuel, grunt_megastairs_4,
          lemuel_fruit_fields, serial_bayou_shore_a
Lair:3:   zaba_antful_of_joy, uniq_rupert
Lair:4:   elwin_shoals_entry_rocks, grunt_megastairs_2
Lair:5:   dummy_snake_entry, uniq_fannar
Lair:6:   slime_dummy
Lair:8:   minmay_lair_end_enchanted_forest, basic_altar,
          minmay_stone_trees_small
Lab:      labyrinth_watery, nicolae_lab_big_swirl
Volcano:  volcano_overflow


Message History

A deep elf priest opens the door.
A deep elf fighter opens the door.
A deep elf summoner opens the door.
Something hits you!
A deep elf demonologist comes into view.
It is wielding a cutlass.
The deep elf summoner casts a spell.
The deep elf priest mumbles some strange prayers to its god against you.
Something smites you!
The deep elf demonologist gestures wildly while chanting.
The tarantella bites you. Something hits you but does no damage.
The deep elf priest wields a shortbow.
The deep elf priest shoots a poisoned arrow.
The poisoned arrow hits you but does no damage.
You are poisoned.
The tarantella bites you.
The deep elf demonologist gestures wildly while chanting.
The deep elf priest calls down the wrath of its god upon you.
You easily resist.
You see here a poisoned arrow.
You feel less confused.
You feel sick.
The deep elf summoner casts a spell.
The deep elf summoner blinks!
The deep elf priest utters a dark prayer and points at you.
Your life force is offered up.
The tarantella bites you.
There is an open door here.
You hit the deep elf priest. You burn the deep elf priest.
Your bite misses the deep elf priest.
The deep elf priest is moderately wounded.
The deep elf summoner mumbles some strange words.
The deep elf priest utters a dark prayer and points at you.
Your life force is offered up.
The deep elf priest is healed.
The tarantella barely misses you.
You feel sick.
The deep elf priest shoots a poisoned arrow.
The poisoned arrow hits you!
You are more poisoned.
Found 27 gold pieces.
Unknown command.
You feel sick.
The deep elf priest shoots a poisoned arrow.
The poisoned arrow hits you.
You are more poisoned.
Unknown command.
You feel sick.
The deep elf priest shoots a poisoned arrow.
The poisoned arrow hits you but does no damage.
The deep elf summoner casts a spell.
You see here a poisoned arrow.
Unknown command.
You feel sick.
You hear some strange, mumbled words.
Something tries to affect you, but you resist.
A deep elf mage comes into view. It is wielding a long sword.
You feel sick.
The deep elf mage shouts!
The deep elf priest shoots a poisoned arrow.
The poisoned arrow hits you but does no damage.
The deep elf summoner mumbles some strange words.
Found 7 javelins.
A deep elf mage and a deep elf conjurer come into view.
You see here a poisoned arrow.
A deep elf fighter comes into view. It is wielding a long sword.
You feel sick.
The deep elf fighter shouts!
The deep elf conjurer shouts!
The deep elf mage casts a spell.
The deep elf mage conjures a globe of magical energy!
The deep elf mage gestures wildly while chanting.
The deep elf priest shoots a poisoned arrow.
The poisoned arrow closely misses you.
The deep elf fighter casts a spell at you.
The magic dart hits you!
The deep elf conjurer points at you and mumbles some strange words.
The bolt of lightning hits you! You resist.
* * * LOW HITPOINT WARNING * * *
Unknown command.
Unknown command.
Use which ability? (? or * to list)
Your skin crawls.
You feel resistant to hostile enchantments.
You feel slightly more hungry.
You feel sick. The magic dart hits you!
The deep elf fighter points at you and mumbles some strange words.
The puff of flame hits you! You resist.
* * * LOW HITPOINT WARNING * * *
Unknown command.
Unknown command.
Evoke which item? (* to show all) (? for menu, Esc to quit)
Zapping:
W - a wand of digging (8)
Press: ? - help, Shift-Dir - straight line The rock shatters into small pieces.
This wand has 7 charges left.
You feel sick. The demonic crawler barely misses you.
The demonic crawler hits you!
* * * LOW HITPOINT WARNING * * *
The demonic crawler closely misses you.
You feel sick.
The deep elf conjurer gestures at you while chanting.
The bolt of lightning hits you! You resist.
* * * LOW HITPOINT WARNING * * *
You feel sick. The demonic crawler hits you!
* * * LOW HITPOINT WARNING * * *
The demonic crawler hits you!
You die...

..(...# .......#
.......e+
......e..#
........e# #...
#.......*## ...
#.....#.r###.#
##s#(....#
#@##s....#
#.###(.e..# #.#
#.e...# ..#
##..s..##
#.########r#######
#......#sser.#.....
#......#eee.3#..2.
#...⌠..'.<...'..⌠.
......#.....#....


You could see a demonic crawler and an orange rat.

Table legend:
 A = Kills in this place as a percentage of kills in entire the game.
 B = Kills by you in this place as a percentage of kills by you in the entire game.
 C = Kills by friends in this place as a percentage of kills by friends in the entire game.
 D = Other kills in this place as a percentage of other kills in the entire game.
 E = Experience gained in this place as a percentage of experience gained in the entire game.
 F = Experience gained in this place divided by the number of levels of this place that you have seen.
                   A       B       C       D       E      F
               +-------+-------+-------+-------+-------+----------------------
         Total | 100.0 | 100.0 | 100.0 |  -nan | 100.0 | 4233.7
       Dungeon |  45.0 |  45.2 |  28.6 |  -nan |  51.0 | 4316.1
  Orcish Mines |  21.2 |  21.0 |  42.9 |  -nan |   8.8 | 2794.8
          Lair |  33.2 |  33.3 |  14.3 |  -nan |  39.2 | 6223.2
     Labyrinth |   0.4 |   0.3 |  14.3 |  -nan |   0.5 | 654.0
       Volcano |   0.2 |   0.2 |   0.0 |  -nan |   0.5 | 649.0
               +-------+-------+-------+-------+-------+----------------------

Vanquished Creatures
  A fire giant (D:15)
  The ghost of kroki the Nimble, a powerful KoBe of Trog (D:11)
  5 vault guards (D:14)
  Fannar (Lair:5)
  2 ogre magi
  7 hydras
  Erica (D:13)
  4 centaur warriors
  3 tengu warriors (D:15)
  6 skeletal warriors
  Pikel (D:6)
  2 wizards (D:15)
  The ghost of magipi the Cleaver, an experienced HOSk of Makhleb (D:6)
  2 griffons
  4 orc knights
  7 hill giants
  9 ugly things
  A manticore (D:12)
  An octopode (shapeshifter) (D:15)
  A black mamba (Lair:8)
  A molten gargoyle (Volcano)
  3 gargoyles (D:14)
  A sixfirhy (D:15)
  Joseph (Orc:2)
  8 elephants
  A centaur zombie (D:15)
  5 spiny frogs
  A torpor snail (Lair:5)
  An orange crystal statue (D:12)
  A feature mimic (D:12)
  A kobold demonologist (D:15)
  A tengu conjurer (D:14)
  7 komodo dragons
  4 trolls
  2 spriggan druids (Lair:8)
  3 yaktaurs (D:15)
  5 polar bears (Lair:8)
  A hydra zombie (D:15)
  A two-headed ogre (D:15)
  4 ravens (D:15)
  2 fire drakes (Lair:7)
  19 blink frogs
  A basilisk (D:14)
  12 spriggans (Lair:8)
  9 redbacks (Lair:8)
  A centaur simulacrum (D:15)
  A griffon skeleton (D:15)
  2 fire elementals
  3 shadows
  Eustachio (D:8)
  13 hippogriffs
  2 wyverns
  Grum (D:10)
  4 hungry ghosts
  4 vampire mosquitoes (D:12)
  2 deep elf fighters
  36 wolves
  44 yaks
  A steam dragon (Lair:7)
  A swamp worm (Lair:2)
  Menkaure (D:6)
  2 mottled dragons
  A water moccasin (Lair:8)
  A warg (Orc:1)
  11 porcupines
  A sky beast (D:5)
  35 orc warriors
  2 slaves (D:6)
  4 yellow wasps
  7 black bears
  4 boggarts (D:15)
  A necrophage (D:14)
  A phantom (D:5)
  24 centaurs
  9 ice beasts
  9 ogres
  Sigmund (D:6)
  Duvessa (D:8)
  8 crocodiles
  A big kobold (D:12)
  A brain worm (Lair:2)
  14 giant frogs
  2 gnoll sergeants
  A wyvern zombie (D:8)
  A yaktaur skeleton (D:14)
  3 scorpions
  7 wights
  18 killer bees
  2 troll zombies (D:11)
  A yak skeleton (D:8)
  7 jellies
  2 troll skeletons (Lab)
  A hippogriff skeleton (D:8)
  Dowan (D:8)
  6 crimson imps
  2 giant frog zombies
  10 hounds
  A basilisk zombie (D:13)
  A goliath beetle (D:6)
  A quasit (D:12)
  Crazy Yiuf (D:2)
  A giant frog skeleton (D:4)
  A lava snake (Lair:7)
  2 centaur skeletons
  16 orc priests
  26 orc wizards
  8 iguanas
  20 sheep
  10 worker ants
  A brain worm zombie (D:12)
  A mottled dragon zombie (D:15)
  Terence (D:2)
  A mummy (D:6)
  A brain worm simulacrum (D:13)
  80 green rats
  17 adders
  13 gnolls
  A shadow imp (D:7)
  3 giant mites
  2 worms
  An adder zombie (D:7)
  2 giant geckos
  170 orcs
  A bat skeleton (D:4)
  7 giant cockroaches
  A giant mite zombie (D:7)
  14 goblins
  12 hobgoblins
  6 jackals
  20 kobolds
  9 quokkas
  2 ball pythons
  20 bats
  A giant gecko skeleton (D:5)
  2 giant newts
  A kobold skeleton (D:5)
  20 rats
  A rat skeleton (D:7)
  A plant (Lair:8)
974 creatures vanquished.

Vanquished Creatures (collateral kills)
  Rupert (Lair:3)
  Frances (D:15)
  A minotaur (Lab)
  Sonja (D:13)
  An orc warrior (Orc:2)
  2 orcs (Orc:2)
7 creatures vanquished.

Vanquished Creatures (others)
  A sky beast (Orc:2)
  6 fungi
  A plant (Lair:2)
8 creatures vanquished.

Grand Total: 989 creatures vanquished

Notes
Turn   | Place    | Note
--------------------------------------------------------------
     0 | D:1      | magipi, the Vine Stalker Berserker, began the quest for the Orb.
     0 | D:1      | Reached XP level 1. HP: 11/11 MP: 1/1
   100 | D:1      | Reached skill level 3 in Axes
   148 | D:1      | Reached XP level 2. HP: 14/16 MP: 3/3
   435 | D:2      | Reached XP level 3. HP: 19/19 MP: 4/4
   437 | D:2      | Acquired Trog's second power
   486 | D:2      | Reached skill level 4 in Axes
   530 | D:2      | Found a shadowy altar of Dithmenos.
   666 | D:3      | Reached XP level 4. HP: 18/23 MP: 3/5
   798 | D:2      | Noticed Terence
   806 | D:2      | Killed Terence
   863 | D:2      | Found a shimmering altar of Xom.
   865 | D:2      | Found a snail-covered altar of Cheibriados.
   873 | D:2      | Found a shadowy altar of Dithmenos.
   873 | D:2      | Found a burning altar of Makhleb.
   879 | D:2      | Found a glowing golden altar of the Shining One.
   880 | D:2      | Found a glowing silver altar of Zin.
  1039 | D:4      | Reached skill level 5 in Axes
  1039 | D:4      | Reached XP level 5. HP: 27/27 MP: 7/7
  1054 | D:4      | Found Noetenad's Assorted Antiques.
  1062 | D:4      | Noticed magipi's ghost (average VSBe)
  1064 | D:4      | Bought a war axe for 77 gold pieces
  1335 | D:2      | Noticed Crazy Yiuf
  1340 | D:2      | Killed Crazy Yiuf
  1340 | D:2      | Reached skill level 6 in Axes
  1340 | D:2      | Gained mutation: You heal very quickly. [vine stalker growth]
  1340 | D:2      | Reached XP level 6. HP: 32/32 MP: 8/8
  1629 | D:4      | Acquired Trog's third power
  1700 | D:4      | Found a staircase to the Ecumenical Temple.
  1781 | D:5      | Entered Level 5 of the Dungeon
  1867 | D:5      | Reached skill level 7 in Axes
  1867 | D:5      | Reached XP level 7. HP: 13/35 MP: 6/9
  2149 | D:4      | Found a shattered altar of Ashenzari.
  2154 | D:4      | Saw a vision of the Shoals and the Snake Pit.
  2154 | D:4      | Noticed a naga ritualist
  2154 | D:4      | Noticed a water moccasin
  2154 | D:4      | Noticed a naga sharpshooter
  2154 | D:4      | Noticed a naga warrior
  2154 | D:4      | Noticed a water moccasin
  2154 | D:4      | Noticed a merfolk
  2154 | D:4      | Noticed a hippogriff
  2154 | D:4      | Noticed a sea snake
  2154 | D:4      | Noticed a sea snake
  2154 | D:4      | Noticed a merfolk
  2154 | D:4      | Noticed a sea snake
  2155 | D:4      | Noticed a hippogriff
  2156 | D:4      | Noticed a merfolk
  2189 | D:5      | Found a stormy altar of Qazlal.
  2190 | D:5      | Found a deep blue altar of Sif Muna.
  2251 | D:5      | Found Noerezxo's Jewellery Emporium.
  2521 | D:5      | Found Wafaugaj's Book Shoppe.
  2537 | D:5      | Found Oxeoh's Magic Scroll Boutique.
  2554 | D:5      | Bought a scroll of remove curse for 33 gold pieces
  2554 | D:5      | Bought a scroll of identify for 22 gold pieces
  2696 | D:6      | Noticed Sigmund
  2720 | D:6      | Killed Sigmund
  2720 | D:6      | Reached skill level 8 in Axes
  2774 | D:6      | Found Xunkyeppehyi's Antique Armour Boutique.
  2867 | D:6      | Noticed magipi's ghost (experienced HOSk)
  2995 | D:7      | Gained mutation: You have razor-sharp teeth. [vine stalker growth]
  2995 | D:7      | Reached XP level 8. HP: 28/39 MP: 8/11
  3076 | D:7      | Noticed Eustachio
  3151 | D:7      | Reached skill level 9 in Axes
  3287 | D:6      | Noticed Menkaure
  3319 | D:6      | Killed Menkaure
  3540 | D:6      | Noticed Pikel
  3762 | D:6      | Killed magipi's ghost
  3762 | D:6      | Reached skill level 10 in Axes
  3762 | D:6      | Reached XP level 9. HP: 43/43 MP: 12/12
  4052 | D:6      | Killed Pikel
  4208 | D:7      | Noticed a hungry ghost
  4215 | D:7      | Killed a hungry ghost
  4325 | D:8      | Reached skill level 5 in Fighting
  4590 | D:8      | Reached XP level 10. HP: 42/52 MP: 13/13
  4677 | D:8      | Killed Eustachio
  4677 | D:8      | Reached skill level 5 in Armour
  4865 | D:8      | Received a gift from Trog
  5062 | D:6      | Bought a runed scale mail for 100 gold pieces
  5062 | D:6      | Bought a pair of boots for 112 gold pieces
  5172 | D:8      | Noticed Duvessa
  5173 | D:8      | Noticed Dowan
  5178 | D:8      | Killed Duvessa
  5191 | D:8      | Killed Dowan
  5266 | D:9      | Reached skill level 11 in Axes
  5647 | D:10     | Entered Level 10 of the Dungeon
  5784 | D:10     | Noticed a hill giant
  5793 | D:10     | Killed a hill giant
  5870 | D:10     | Noticed a hill giant
  5876 | D:10     | Killed a hill giant
  5910 | D:10     | Noticed Grum
  5957 | D:10     | Reached XP level 11. HP: 45/58 MP: 12/15
  6144 | D:10     | Killed Grum
  6147 | D:10     | Received a gift from Trog
  6258 | D:10     | Found a staircase to the Lair.
  6284 | Lair:1   | Entered Level 1 of the Lair of Beasts
  6520 | Lair:1   | Reached skill level 12 in Axes
  6745 | Lair:2   | Found a labyrinth entrance.
  6758 | Lab      | Entered a labyrinth
  7077 | Lab      | Noticed a minotaur
  7103 | Lab      | Killed a minotaur
  7166 | Lab      | Got a steaming ring mail
  7183 | Lab      | Identified the cursed -2 ring mail of Qinistem {Slay-3} (You found it in a labyrinth)
  7624 | Lair:3   | Reached skill level 1 in Evocations
  7643 | Lair:3   | Received a gift from Trog
  7703 | Lair:3   | Gained mutation: You regenerate. [vine stalker growth]
  7703 | Lair:3   | Reached XP level 12. HP: 50/64 MP: 14/19
  7794 | Lair:3   | Noticed Rupert
  7803 | Lair:3   | Killed Rupert
  8009 | Lair:4   | Identified a +8 rod of shadows (10/10) (You found it in a labyrinth)
  8010 | Lair:4   | Identified a +5 rod of destruction (14/14) (You found it in a labyrinth)
  8026 | Lair:4   | Found a staircase to the Shoals.
  8058 | Lair:4   | Noticed an eight-headed hydra
  8062 | Lair:4   | Killed an eight-headed hydra
  8173 | Lair:4   | Reached skill level 13 in Axes
  8203 | Lair:4   | Noticed a four-headed hydra
  8210 | Lair:4   | Killed a four-headed hydra
  8280 | Lair:5   | Noticed a seven-headed hydra
  8292 | Lair:4   | Reached skill level 5 in Evocations
  8366 | Lair:5   | Received a gift from Trog
  8397 | Lair:5   | Found a staircase to the Snake Pit.
  8796 | Lair:6   | Found a staircase to the Slime Pits.
  9104 | Lair:5   | Reached XP level 13. HP: 65/68 MP: 24/24
  9162 | Lair:5   | Noticed Fannar
  9234 | Lair:5   | Killed Fannar
  9387 | Lair:7   | Received a gift from Trog
  9660 | Lair:7   | Reached skill level 10 in Armour
  9789 | Lair:8   | Entered Level 8 of the Lair of Beasts
  9957 | Lair:8   | Received a gift from Trog
  9972 | Lair:8   | Reached skill level 14 in Axes
 10307 | Lair:8   | Reached XP level 14. HP: 74/75 MP: 22/27
 10500 | Lair:8   | Received a gift from Trog
 10665 | Lair:8   | Found a bloodstained altar of Trog.
 10757 | Lair:8   | Got a crude leather armour
 10768 | Lair:8   | Identified the cursed -3 leather armour "Ekhlicler" {rElec rN+} (You found it on level 8 of the Lair of Beasts)
 11508 | D:11     | Received a gift from Trog
 11628 | D:11     | Noticed kroki's ghost (powerful KoBe)
 11637 | D:11     | Killed kroki's ghost
 11732 | D:11     | Identified a -3 rod of ignition (14/14) (You found it on level 11 of the Dungeon)
 11769 | D:11     | Reached skill level 10 in Fighting
 12064 | D:12     | Found a staircase to the Orcish Mines.
 12261 | D:12     | Received a gift from Trog
 12271 | D:12     | Got an iridescent battleaxe {god gift}
 12276 | D:12     | Identified the +8 battleaxe of the Forgotten Gods {flame, Int+4} (Trog gifted it to you on level 12 of the Dungeon)
 12323 | D:12     | Identified the Almanac of Floating Black Magic (You found it on level 12 of the Dungeon)
 12338 | D:12     | Got a twisted helmet
 12349 | D:12     | Identified the cursed -2 helmet "Ecoih" {+Fly} (You found it on level 12 of the Dungeon)
 12449 | D:13     | Noticed Sonja
 12588 | Orc:1    | Entered Level 1 of the Orcish Mines
 12738 | Orc:1    | Found a roughly hewn altar of Beogh.
 12786 | Orc:1    | Found a glowing golden altar of the Shining One.
 13030 | Orc:2    | Received a gift from Trog
 13032 | Orc:2    | Found a dark tunnel.
 13065 | Volcano  | Entered a volcano
 13361 | Orc:3    | Found a staircase to the Elven Halls.
 13529 | Orc:2    | Found a roughly hewn altar of Beogh.
 13530 | Orc:2    | Noticed Joseph
 13547 | Orc:2    | Killed Joseph
 13836 | Orc:3    | Received a gift from Trog
 13891 | Orc:3    | Reached skill level 15 in Axes
 14001 | Orc:4    | Entered Level 4 of the Orcish Mines
 14211 | Orc:4    | Reached skill level 10 in Evocations
 14659 | Orc:4    | Found Troocwoff's Jewellery Emporium.
 14659 | Orc:4    | Found Wousob's General Store.
 14662 | Orc:4    | Found Smowagich's Distillery.
 14664 | Orc:4    | Found Bremnew's Antique Weapon Shoppe.
 14747 | Orc:4    | Bought a potion of restore abilities for 42 gold pieces
 14751 | Orc:4    | Bought a cursed ring of teleportation for 246 gold pieces
 14751 | Orc:4    | Bought an uncursed ring of protection from cold for 425 gold pieces
 14756 | Orc:4    | Bought a runed blowgun for 65 gold pieces
 14766 | Orc:4    | Bought a scroll of identify for 26 gold pieces
 14766 | Orc:4    | Bought a scroll of magic mapping for 45 gold pieces
 14769 | Orc:4    | Bought 2 potions of might for 70 gold pieces
 14769 | Orc:4    | Bought 2 potions of haste for 196 gold pieces
 14769 | Orc:4    | Bought a potion of might for 35 gold pieces
 14985 | Orc:4    | Bought the ring "Cocs" {+Fly rElec Slay+5} for 892 gold pieces
 15233 | D:13     | Killed Sonja
 15406 | D:13     | Noticed Erica
 15416 | D:13     | Killed Erica
 15416 | D:13     | Received a gift from Trog
 15416 | D:13     | Reached XP level 15. HP: 71/80 MP: 26/30
 15564 | D:13     | Found Hueharats' Food Shop.
 15989 | D:14     | Found a glowing golden altar of the Shining One.
 16091 | D:15     | Entered Level 15 of the Dungeon
 16099 | D:15     | Got an ancient granite ring
 16101 | D:15     | Identified the ring "Miamotu" {Str+3 Dex+2 Stlth-} (You found it on level 15 of the Dungeon)
 16167 | D:15     | Noticed a fire giant
 16194 | D:15     | Received a gift from Trog
 16361 | D:15     | Noticed Frances
 16569 | D:15     | Reached skill level 16 in Axes
 16716 | D:15     | Found a bloodstained altar of Trog.
 16746 | D:15     | Reached skill level 5 in Dodging
 16758 | D:15     | Killed Frances
 16891 | D:15     | Killed a fire giant
 16915 | D:15     | Found a staircase to the Depths.
 17150 | D:14     | Found a gate to the Vaults.
 17327 | D:9      | Noticed an ice statue
 17331 | D:9      | Noticed a hill giant
 17337 | D:9      | Killed a hill giant
 17421 | D:9      | Got a heavily runed scale mail
 17432 | D:9      | Identified the +2 scale mail of Midwinter {rC++ Str+2 Dex+2 Int+3} (You found it on level 9 of the Dungeon)
 17641 | Elf:1    | Entered Level 1 of the Elven Halls
 17658 | Elf:1    | Slain by a demonic crawler

Action                   |  1- 3 |  4- 6 |  7- 9 | 10-12 | 13-15 || total
-------------------------+-------+-------+-------+-------+-------++-------
Melee: Hand axe          |    77 |    72 |       |       |       ||   149
       War axe           |       |    63 |   237 |    60 |       ||   360
       Battleaxe         |       |       |       |   507 |  1125 ||  1632
Throw: Javelin           |       |       |       |     3 |       ||     3
Invok: Berserk           |     1 |     4 |     9 |     6 |     4 ||    24
       Trog's Hand       |       |       |       |     3 |     5 ||     8
       Brothers in Arms  |       |       |       |     2 |     2 ||     4
       Burn Spellbooks   |       |       |       |     1 |     1 ||     2
Evoke: Wand              |       |       |       |    16 |    37 ||    53
       Rod               |       |       |       |       |     3 ||     3
       Lamp of fire      |       |       |       |       |     1 ||     1
  Use: Scroll            |       |       |    10 |    18 |    12 ||    40
       Potion            |       |       |       |     1 |     2 ||     3
  Eat: Chunk             |       |     3 |     2 |     3 |     3 ||    11
       Royal jelly       |       |     2 |     1 |     1 |     1 ||     5
       Beef jerky        |       |     1 |     1 |       |     3 ||     5
       Bread ration      |       |       |     1 |       |     3 ||     4
       Meat ration       |       |       |     2 |       |       ||     2
       Fruit             |       |       |       |    21 |    14 ||    35

Action                   |  1- 3 |  4- 6 |  7- 9 | 10-12 | 13-15 || total
-------------------------+-------+-------+-------+-------+-------++-------
Melee: Hand axe          |    77 |    72 |       |       |       ||   149
       War axe           |       |    63 |   237 |    60 |       ||   360
       Battleaxe         |       |       |       |   507 |  1125 ||  1632
Throw: Javelin           |       |       |       |     3 |       ||     3
Invok: Berserk           |     1 |     4 |     9 |     6 |     4 ||    24
       Trog's Hand       |       |       |       |     3 |     5 ||     8
       Brothers in Arms  |       |       |       |     2 |     2 ||     4
       Burn Spellbooks   |       |       |       |     1 |     1 ||     2
Evoke: Wand              |       |       |       |    16 |    37 ||    53
       Rod               |       |       |       |       |     3 ||     3
       Lamp of fire      |       |       |       |       |     1 ||     1
  Use: Scroll            |       |       |    10 |    18 |    12 ||    40
       Potion            |       |       |       |     1 |     2 ||     3
  Eat: Chunk             |       |     3 |     2 |     3 |     3 ||    11
       Royal jelly       |       |     2 |     1 |     1 |     1 ||     5
       Beef jerky        |       |     1 |     1 |       |     3 ||     5
       Bread ration      |       |       |     1 |       |     3 ||     4
       Meat ration       |       |       |     2 |       |       ||     2
       Fruit             |       |       |       |    21 |    14 ||    35

Action                   |  1- 3 |  4- 6 |  7- 9 | 10-12 | 13-15 || total
-------------------------+-------+-------+-------+-------+-------++-------
Melee: Hand axe          |    77 |    72 |       |       |       ||   149
       War axe           |       |    63 |   237 |    60 |       ||   360
       Battleaxe         |       |       |       |   507 |  1125 ||  1632
Throw: Javelin           |       |       |       |     3 |       ||     3
Invok: Berserk           |     1 |     4 |     9 |     6 |     4 ||    24
       Trog's Hand       |       |       |       |     3 |     5 ||     8
       Brothers in Arms  |       |       |       |     2 |     2 ||     4
       Burn Spellbooks   |       |       |       |     1 |     1 ||     2
Evoke: Wand              |       |       |       |    16 |    37 ||    53
       Rod               |       |       |       |       |     3 ||     3
       Lamp of fire      |       |       |       |       |     1 ||     1
  Use: Scroll            |       |       |    10 |    18 |    12 ||    40
       Potion            |       |       |       |     1 |     2 ||     3
  Eat: Chunk             |       |     3 |     2 |     3 |     3 ||    11
       Royal jelly       |       |     2 |     1 |     1 |     1 ||     5
       Beef jerky        |       |     1 |     1 |       |     3 ||     5
       Bread ration      |       |       |     1 |       |     3 ||     4
       Meat ration       |       |       |     2 |       |       ||     2
       Fruit             |       |       |       |    21 |    14 ||    35
